Map: Ulrena

Players

AEchan - Winner!

  • Race: Protoss Protoss
  • League: Gold
  • Spawn Location: 11:00

zidar

  • Race: Zerg Zerg
  • League: Silver
  • Spawn Location: 7:00

VOD

Have the link to the VOD?

Description

Time

  • Played on: Feb. 5, 2016, 1:17 p.m.
  • Length: 3:43
Show
View Real Time Build Order
Export as new Build Order

AEchan Protoss - Winner!

Build Orders:  

Get SALT Encoding   

  12  0:02  Probe (Chrono Boost)  
  13  0:12  Probe (Chrono Boost)  
  14  0:19  Pylon  
  14  0:26  Probe (Chrono Boost)  
  15  0:38  Pylon  
  15  0:44  Forge  
  15  1:10  Pylon  
  15  1:14  Pylon  
  15  1:18  Pylon  
  15  1:26  Pylon  
  15  1:33  Photon Cannon  
  15  1:39  Pylon  
  15  1:43  Gateway  
  15  1:54  Photon Cannon  
  15  2:17  Photon Cannon  
  15  2:24  Photon Cannon  
  15  2:33  Photon Cannon  
  15  2:39  Zealot  
  17  2:52  Assimilator  
  17  2:53  Probe (Chrono Boost)  
  18  3:04  Probe (Chrono Boost)  
  19  3:14  Probe (Chrono Boost)  
Show
View Real Time Build Order
Export as new Build Order

zidar Zerg 

Build Orders: Pool First 

Get SALT Encoding   

  12  0:02  Drone  
  13  0:13  Overlord  
  13  0:17  Drone  
  14  0:31  Drone x2  
  16  0:37  Drone  
  17  0:48  Spawning Pool  
  16  0:58  Drone  
  17  1:37  Zergling x2  
  17  1:38  Zergling x4  
  20  1:52  Hatchery  
  19  1:59  Spine Crawler  
  19  2:00  Spine Crawler  
  16  2:09  Zergling x4  
  17  2:41  Spine Crawler  
  16  2:49  Drone x3  
Tags
 
Matchup
PvZ
Opening
Pool First
Spawn Locations
Close Positions
Add a new tag
Caveats
  • Supply blocks, unpowered buildings, or Contaminate may cause inaccurate times.
  • Supply counts are checked every 10 seconds.